 Dungeon Crawl Stone Soup version 0.24.0-1-gfbc8707122 (webtiles) character file.

Game seed: 7914122818011898192, levelgen mode: deterministic

9473 EmberCloud the Spear-Bearer (level 11, -6/97 HPs)
             Began as a Minotaur Gladiator on Oct 28, 2019.
             Was a High Priest of Okawaru.
             Mangled by a yak (11 damage)
             ... on level 10 of the Dungeon.
             The game lasted 01:27:55 (9606 turns).

EmberCloud the Spear-Bearer (Minotaur Gladiator)    Turns: 9606, Time: 01:27:56

Health: -6/97      AC:  9    Str: 21    XL:     11   Next: 23%
Magic:  10/10      EV: 17    Int:  5    God:    Okawaru [*****.]
Gold:   148        SH:  0    Dex: 13    Spells: 10/10 levels left

rFire    + . .     SeeInvis .   a - +0 trident
rCold    . . .     Gourm    .   (no shield)
rNeg     . . .     Faith    .   U - +2 ring mail {rF+}
rPois    .         Spirit   .   c - +0 hat
rElec    .         Reflect  .   v - scarf {cloud immunity}
rCorr    .         Harm     .   S - +0 pair of gloves
MR       .....                  (no boots)
Stlth    ++........             (no amulet)
HPRegen  0.26/turn              D - +2 ring of evasion
MPRegen  0.12/turn              Q - ring of flight

@: no status effects
A: retaliatory headbutt, horns 2
a: Heroism, Finesse, Renounce Religion, Evoke Flight


You were on level 10 of the Dungeon.
You worshipped Okawaru.
Okawaru was extremely pleased with you.
You were full.

You visited 1 branch of the dungeon, and saw 10 of its levels.

You collected 583 gold pieces.
You spent 435 gold pieces at shops.

Inventory:

Hand Weapons
 a - a +0 trident (weapon)
 o - a +2 hunting sling of velocity
 W - the +9 fustibalus of Hepeimaq {flame, rElec rC- rN+++ MR+}
   (Okawaru gifted it to you on level 10 of the Dungeon)

   It causes projectiles fired from it to burn those they strike, causing extra
   injury to most foes and up to half again as much damage against particularly
   susceptible opponents.
   It makes you vulnerable to cold.
   It insulates you from electricity.
   It renders you almost immune to negative energy.
   It affects your resistance to hostile enchantments.
Missiles
 e - 3 javelins
 p - 33 stones
 F - 53 sling bullets
 G - a throwing net (quivered)
 N - 23 poisoned darts
Armour
 b - a +0 leather armour
 c - a +0 hat (worn)
 t - a +0 pair of gloves
 u - the +1 robe of Words of Power {rC++}
   (You found it on level 4 of the Dungeon)

   It greatly protects you from cold.
 v - a scarf of cloud immunity (worn)
 E - the +2 robe "Yhoerpha" {rPois Str-3 Int-2 Slay+6}
   (You found it on level 5 of the Dungeon)

   It affects your strength (-3).
   It affects your intelligence (-2).
   It affects your accuracy and damage with ranged weapons and melee attacks
   (+6).
   It protects you from poison.
 S - a +0 pair of gloves (worn)
 U - a +2 ring mail of fire resistance (worn)
Magical Staves
 Z - an uncursed staff of wizardry {unknown}
Jewellery
 j - an uncursed ring of magical power
 s - an uncursed ring of see invisible
 C - an uncursed ring of positive energy
 D - a +2 ring of evasion (left hand)
 Q - a ring of flight (right hand)
 R - an uncursed ring of protection from fire
 Y - a cursed ring of attention {unknown}
Wands
 l - a wand of random effects (10)
 H - a wand of paralysis (8)
 J - a wand of flame (24)
 O - a wand of acid (9)
 T - a wand of polymorph (5)
Scrolls
 d - 2 scrolls of blinking {unknown}
 g - 3 scrolls of amnesia
 k - 6 scrolls of remove curse
 y - 5 scrolls of enchant armour
 A - 2 scrolls of teleportation
 B - a scroll of magic mapping {unknown}
 L - a scroll of holy word {unknown}
 M - a scroll of immolation {unknown}
 P - a scroll of vulnerability {unknown}
 V - 2 scrolls of fear
 X - a scroll of identify
Potions
 h - 3 potions of mutation
 i - 2 potions of brilliance
 m - a potion of flight {unknown}
 n - 2 potions of cancellation
 q - a potion of lignification {unknown}
 r - 2 potions of invisibility
 w - a potion of might {unknown}
 x - 5 potions of haste
 z - a potion of magic {unknown}
 I - 2 potions of heal wounds
 K - a potion of curing
Comestibles
 f - 19 rations


   Skills:
 + Level 9.3 Fighting
 + Level 11.3 Polearms
 + Level 10.1(10.3) Slings
 + Level 2.5(6.4) Throwing
 + Level 4.5 Armour
 + Level 7.9 Dodging
 + Level 4.4 Stealth


You had 10 spell levels left.
You didn't know any spells.
Your spell library contained the following spells:

 Spells                   Type           Power        Failure   Level  Hunger
 Flame Tongue             Conj/Fire      #....        63%         1    ##.....
 Throw Flame              Conj/Fire      #.....       77%         2    ###....
 Conjure Flame            Conj/Fire      #.......     94%         3    ####...
 Inner Flame              Hex/Fire       #.......     94%         3    ####...
 Sticky Flame             Conj/Fire      #.......     100%        4    #####..
 Fireball                 Conj/Fire      #.........   100%        5    ######.


Dungeon Overview and Level Annotations

Branches:
Dungeon (10/15)            Temple (0/1) D:5             Orc (0/2) D:10
   Lair: D:8-11

Altars:
Ashenzari
Cheibriados
Elyvilon
Fedhas
Hepliaklqana
Makhleb
Nemelex Xobeh
Okawaru
Sif Muna
Trog
Vehumet
Beogh

Shops:
D:5 =   D:7 }*!

Annotations:
D:10 3 runed translucent doors, ahub's ghost, novice DsFi


Innate Abilities, Weirdness & Mutations

You reflexively headbutt those who attack you in melee.
You have a pair of horns on your head.


Message History

The yak closely misses you. The yak gores you.
* * * LOW HITPOINT WARNING * * *
Your ring mail prevents you from hitting the yak.
Your headbutt misses the yak.
The yak is moderately wounded.
You puncture the yak! Your headbutt misses the yak.
The yak is heavily wounded.
The yak gores you.
* * * LOW HITPOINT WARNING * * *
The yak gores you.
* * * LOW HITPOINT WARNING * * *
You barely miss the yak.
The yak is heavily wounded.
The yak gores you!
* * * LOW HITPOINT WARNING * * *
The yak closely misses you.
You hit the yak. Your headbutt misses the yak.
The yak is severely wounded.
The yak closely misses you. The yak gores you!
You die...

...........# ......
#..........# ......
#..........####+###......
#........................
#........................
#.######.................
# #^...#..........((.....
# #....'.........Y..>....
# #....#.#######@##......
# #....#.+......Y.#...>..
# #....'†#......†.#......
#.######.#........# ###..
#........#......>... ..
#......††#............
...###'#(#............#
...#...#.#......(.....#
...#...#.#............#


You could see 2 yaks.

Vanquished Creatures
  Harold (D:7)
  A two-headed ogre (D:9)
  A troll (D:10)
  A hippogriff (D:8)
  A human (D:7)
  4 hogs (D:7)
  A wyvern (D:9)
  Eustachio (D:4)
  2 hungry ghosts
  13 yaks
  A steam dragon (D:8)
  A water moccasin (D:5)
  4 orc warriors (D:10)
  3 ice beasts
  3 sky beasts
  2 necrophages
  3 centaurs
  5 ogres (D:5)
  A crocodile (D:8)
  A big kobold (D:10)
  4 bullfrogs
  A gnoll sergeant (D:9)
  A water moccasin skeleton (D:8)
  2 scorpions
  5 crimson imps
  A quasit (D:7)
  A centaur zombie (D:8)
  3 bullfrog skeletons
  6 hounds
  12 orc wizards
  11 orc priests
  3 centaur skeletons (D:10)
  2 jellies
  5 worker ants
  A statue (D:8)
  A hound zombie (D:9)
  A howler monkey zombie (D:7)
  Robin (D:4)
  4 gnolls (D:9)
  A howler monkey skeleton (D:4)
  12 adders
  An ooze (D:1)
  3 adder skeletons
  2 adder zombies (D:6)
  10 worms
  5 dart slugs
  5 leopard geckos
  45 orcs
  A ball python (D:1)
  4 giant cockroaches
  10 hobgoblins
  10 jackals
  9 kobolds
  10 quokkas
  6 bats
  6 frilled lizards
  20 goblins
  A quokka zombie (D:6)
  7 rats
283 creatures vanquished.

Notes
Turn   | Place    | Note
-------+----------+-------------------------------------------
     0 | D:1      | EmberCloud the Minotaur Gladiator began the quest for the
                  | Orb.
     0 | D:1      | Reached XP level 1. HP: 18/18 MP: 0/0
    93 | D:1      | Reached XP level 2. HP: 23/25 MP: 1/1
   201 | D:1      | Reached skill level 4 in Polearms
   301 | D:1      | Reached XP level 3. HP: 30/30 MP: 2/2
   626 | D:2      | Reached XP level 4. HP: 27/38 MP: 3/3
   758 | D:2      | Found a shimmering blue altar of Sif Muna.
   874 | D:2      | Found a sparkling altar of Nemelex Xobeh.
   895 | D:2      | Reached skill level 1 in Armour
  1088 | D:2      | Reached skill level 5 in Polearms
  1558 | D:3      | Reached skill level 1 in Slings
  1558 | D:3      | Reached XP level 5. HP: 12/45 MP: 4/4
  1561 | D:3      | HP: 2/45 [orc/+0 trident (8)]
  2701 | D:4      | Reached XP level 6. HP: 51/51 MP: 5/5
  2918 | D:4      | Noticed Eustachio
  2945 | D:4      | Killed Eustachio
  3117 | D:4      | Noticed Robin
  3132 | D:4      | Killed Robin
  3132 | D:4      | Reached skill level 1 in Stealth
  3162 | D:4      | Reached XP level 7. HP: 47/59 MP: 6/6
  3195 | D:4      | Reached skill level 6 in Polearms
  3453 | D:4      | Got a shadowed robe
  3464 | D:4      | Identified the +1 robe of Words of Power {rC++} (You found
                  | it on level 4 of the Dungeon)
  3668 | D:5      | Entered Level 5 of the Dungeon
  3707 | D:5      | Reached skill level 5 in Dodging
  3711 | D:5      | Found an iron altar of Okawaru.
  3721 | D:5      | Became a worshipper of Warmaster Okawaru
  3728 | D:5      | Found Senig's Jewellery Shoppe.
  3750 | D:5      | Bought a +2 ring of evasion for 130 gold pieces
  3843 | D:5      | Got an ominously black robe
  3964 | D:5      | Reached skill level 5 in Slings
  4015 | D:5      | Reached * piety under Okawaru
  4038 | D:5      | Reached skill level 7 in Polearms
  4038 | D:5      | Reached XP level 8. HP: 24/67 MP: 7/7
  4041 | D:5      | HP: 3/67 [ogre/+0 giant club (13)]
  4043 | D:5      | Found a staircase to the Ecumenical Temple.
  4372 | D:5      | Identified the +2 robe "Yhoerpha" {rPois Str-3 Int-2
                  | Slay+6} (You found it on level 5 of the Dungeon)
  4389 | D:5      | Reached skill level 5 in Fighting
  4687 | D:5      | Found a hazy altar of Hepliaklqana.
  4702 | D:5      | Reached ** piety under Okawaru
  4911 | D:5      | Reached skill level 8 in Polearms
  5049 | D:6      | Reached XP level 9. HP: 75/75 MP: 8/8
  5501 | D:6      | Found a blossoming altar of Fedhas.
  5872 | D:7      | Noticed Harold
  5893 | D:7      | Killed Harold
  5893 | D:7      | Reached *** piety under Okawaru
  5894 | D:7      | Found a snail-covered altar of Cheibriados.
  6217 | D:7      | Reached skill level 9 in Polearms
  6232 | D:7      | Received a gift from Okawaru
  6232 | D:7      | Reached **** piety under Okawaru
  6498 | D:7      | Found Vuiref's Gadget Shoppe.
  6506 | D:7      | Bought a wand of paralysis (9) for 121 gold pieces
  6506 | D:7      | Bought a wand of flame (14) for 88 gold pieces
  6586 | D:7      | Found Ozikhol's Distillery.
  6612 | D:7      | Bought a potion of curing for 36 gold pieces
  6612 | D:7      | Bought a potion of heal wounds for 60 gold pieces
  6652 | D:7      | Found Jirhups's Assorted Antiques.
  6852 | D:8      | Reached XP level 10. HP: 86/86 MP: 9/9
  7226 | D:8      | Found a white marble altar of Elyvilon.
  7310 | D:8      | Reached skill level 10 in Polearms
  7355 | D:8      | Found a bloodstained altar of Trog.
  7355 | D:8      | Found a shattered altar of Ashenzari.
  7356 | D:8      | Found a burning altar of Makhleb.
  7583 | D:8      | Found a radiant altar of Vehumet.
  7753 | D:9      | Received a gift from Okawaru
  7848 | D:9      | Noticed a two-headed ogre
  7859 | D:9      | Killed a two-headed ogre
  7859 | D:9      | Reached ***** piety under Okawaru
  8864 | D:10     | Entered Level 10 of the Dungeon
  9052 | D:10     | Received a gift from Okawaru
  9053 | D:10     | Got an iridescent fustibalus {god gift}
  9054 | D:10     | Identified the +9 fustibalus of Hepeimaq {flame, rElec rC-
                  | rN+++ MR+} (Okawaru gifted it to you on level 10 of the
                  | Dungeon)
  9227 | D:10     | Reached skill level 11 in Polearms
  9235 | D:10     | Reached XP level 11. HP: 56/95 MP: 10/10
  9268 | D:10     | Found a runed translucent gate.
  9268 | D:10     | Found a runed translucent gate.
  9268 | D:10     | Found a runed translucent gate.
  9289 | D:10     | Found a staircase to the Orcish Mines.
  9289 | D:10     | Noticed ahub's ghost (novice DsFi)
  9313 | D:10     | Found a roughly hewn altar of Beogh.
  9515 | D:10     | Reached skill level 10 in Slings
  9606 | D:10     | Mangled by a yak

Levels and vault maps discovered:
D:1:      mrwooster_arrival_statue, layout_rooms, minmay_misc_feat_room
D:2:      layout_loops_ring, lemuel_blue_sif_altar, overflow_temple_1_default
D:3:      layout_loops_ring, marbit_many_paths
D:4:      layout_basic, minmay_fractal_squares_diagonal_5, uniq_robin,
          uniq_eustachio
D:5:      minmay_octagon_keep, layout_loops_cross, lemuel_round_altar,
          overflow_temple_1_default, minmay_temple_entry_mini_moons,
          serial_shops, nicolae_shop_statue_plus, first_ration
D:6:      layout_loops_ring, fedhas_altar_2, minmay_fountain_box,
          kennysheep_generic_room_3
D:7:      layout_basic, slow_altar_1, serial_shops, shop_coins, kennysheep_mini,
          nicolae_shop_trees, minmay_misc_feat_enclosed, grunt_livestock,
          uniq_harold
D:8:      layout_loops_ring, vehumet_statue, overflow_temple_1_default,
          gammafunk_temple_overflow_claw
D:9:      layout_loops_corners
D:10:     layout_irregular_city, minmay_orc_entry_temple_small,
          ebering_ghost_rock_garden

Skill      XL: |  1  2  3  4  5  6  7  8  9 10 11 |
---------------+----------------------------------+-----
Polearms       | 4 5 7 8 9 11 | 11.3
Fighting       | 3 4 5 7 8 9 |  9.3
Dodging        | 4 5 6 7 |  7.9
Armour         | 1 2 4 |  4.5
Slings         | 1 2 3 5 6 8 9 10 | 10.1
Stealth        | 1 2 3 4 |  4.4
Throwing       | |  2.5

Action                   |  1- 3 |  4- 6 |  7- 9 | 10-12 || total
-------------------------+-------+-------+-------+-------++-------
Melee: Trident           |    72 |   120 |   209 |   262 ||   663
       Headbutt          |     9 |    20 |    44 |    63 ||   136
 Fire: Hunting sling     |       |   119 |   106 |    88 ||   313
       Fustibalus        |       |       |       |    21 ||    21
Throw: Throwing net      |       |     4 |     5 |     1 ||    10
Evoke: Wand              |       |       |       |     1 ||     1
  Use: Scroll            |       |     4 |     9 |     3 ||    16
       Potion            |       |       |     3 |     1 ||     4
 Stab: Held in net/web   |       |     1 |     5 |       ||     6
       Sleeping          |       |       |     1 |     1 ||     2
       Paralysed         |       |       |       |     6 ||     6
  Eat: Chunk             |       |     2 |     5 |     4 ||    11
       Ration            |       |     1 |     3 |     3 ||     7
Armor: Leather armour    |    14 |    16 |       |       ||    30
       Robe              |       |       |    28 |     1 ||    29
       Ring mail         |       |       |       |    25 ||    25
Dodge: Dodged            |    52 |    87 |   156 |   157 ||   452
